 Dungeon Crawl Stone Soup version 0.28-a0-447-g1f95980246 (webtiles) character file.

Game seed: 9391234030534270816

1455 nicanaca0 the Covert (level 8, 0/36 HPs)
             Began as a Spriggan Enchanter on Sept 12, 2021.
             Was an Initiate of Dithmenos.
             Slain by a bullfrog (4 damage)
             ... on level 6 of the Dungeon.
             The game lasted 00:23:00 (10544 turns).

nicanaca0 the Covert (Spriggan Enchanter)          Turns: 10544, Time: 00:23:00

Health: 0/36       AC:  3    Str:  6    XL:     8   Next: 47%
Magic:  5/16       EV:  9    Int: 16    God:    Dithmenos [......]
Gold:   253        SH:  0    Dex: 16    Spells: 12/17 levels left

rFire   + . .      SeeInvis +   a - +1 dagger
rCold   . . .      Faith    .   (shield restricted)
rNeg    + . .      Spirit   .   A - +1 robe {rN+}
rPois   .          Reflect  .   (helmet restricted)
rElec   .          Harm     .   h - scarf {shadows}
rCorr   .          Rampage  .   (gloves unavailable)
Will    +....                   (boots unavailable)
Stlth   +++++.....              (no amulet)
HPRegen 0.12/turn               n - ring of protection from fire
MPRegen 0.15/turn               (no ring)

@: lethally poisoned (0 -> -4), marked, very slightly contaminated, held, very
quick
A: very small, no large weapons, unfitting armour, see invisible, speed 3
a: Renounce Religion


You were on level 6 of the Dungeon.
You worshipped Dithmenos.
Dithmenos was noncommittal.
You visited 2 branches of the dungeon, and saw 7 of its levels.

You collected 253 gold pieces.

Inventory:

Hand Weapons
 a - a +1 dagger (weapon)
 b - a +0 hunting sling
Missiles
 d - 48 sling bullets
 m - 178 stones
 z - 20 poisoned darts
 B - 5 boomerangs
Armour
 h - a scarf of shadows (worn)
 A - a +1 robe of positive energy (worn)
Jewellery
 n - a ring of protection from fire (left hand)
Wands
 r - a wand of flame (21)
 w - a wand of polymorph (9)
Scrolls
 e - 4 scrolls of blinking {unknown}
 f - a scroll of teleportation {unknown}
 i - a scroll of holy word {unknown}
 j - a scroll of amnesia {unknown}
 k - a scroll of enchant armour {unknown}
 p - a scroll of fear {unknown}
 q - a scroll of immolation {unknown}
 s - a scroll of torment {unknown}
 y - a scroll of noise {unknown}
 C - a scroll of vulnerability {unknown}
Potions
 c - a potion of invisibility
 g - a potion of curing {unknown}
 l - a potion of heal wounds {@q2}
 o - a potion of magic
 t - a potion of attraction
 u - a potion of haste
 v - a potion of might
 x - a potion of ambrosia


   Skills:
 - Level 5.0 Short Blades
 - Level 2.6 Dodging
 + Level 10.8 Stealth
 - Level 5.0 Spellcasting
 * Level 8.1 Hexes


You had 12 spell levels left.
You knew the following spells:

 Your Spells              Type           Power      Damage    Failure   Level
a - Ensorcelled Hibernat  Hex/Ice        34%        N/A       4%          2
b - Confusing Touch       Hex            30%        N/A       1%          3

Your spell library contained the following spells:

 Spells                   Type           Power      Damage    Failure   Level
 Tukima's Dance           Hex            30%        N/A       1%          3
 Dazzling Flash           Conj/Hex       34%        N/A       9%          3
 Passwall                 Tmut/Erth      3%         N/A       22%         2
 Gell's Gravitas          Tloc           2%         N/A       41%         3
 Lesser Beckoning         Tloc           4%         N/A       41%         3
 Swiftness                Air            4%         N/A       41%         3
 Teleport Other           Tloc           4%         N/A       41%         3
 Invisibility             Hex            15%        N/A       63%         6
 Alistair's Intoxication  Tmut/Pois      2%         N/A       99%         5
 Borgnjor's Vile Clutch   Necr/Erth      2%         N/A       99%         5
 Eringya's Noxious Bog    Tmut/Pois      2%         N/A       100%        6


Dungeon Overview and Level Annotations

Branches:
Dungeon (6/15)             Temple (1/1) D:5

Altars:
Ashenzari
Dithmenos
Elyvilon
Fedhas
Makhleb
Okawaru
Qazlal
Ru
Uskayaw
Vehumet
Wu Jian
Zin

Annotations:
D:3 1 exclusion


Innate Abilities, Weirdness & Mutations

You are very small and have problems with some larger weapons.
You are too small for most types of armour.
You have supernaturally acute eyesight. (SInv)
You cover ground extremely quickly. (Speed+++)


Message History

Aiming: Ensorcelled Hibernation (safe; 4% risk of failure)
Press: ? - help, Shift-Dir - straight line, f/p - gnoll sergeant
Aim: a gnoll sergeant, wielding a +0 vorpal spear and wearing a +0 ring mail (chance to affect: 47%)
You miscast Ensorcelled Hibernation.
You are very lightly contaminated with residual magic.
Nothing appears to happen.
An adder comes into view.
The gnoll sergeant hits you with a +0 vorpal spear.
Casting: Ensorcelled Hibernation (safe; 4% risk of failure)
Confirm with . or Enter, or press ? or * to list all spells.
Aiming: Ensorcelled Hibernation (safe; 4% risk of failure)
Press: ? - help, Shift-Dir - straight line, f/p - gnoll sergeant
Aim: a gnoll sergeant, wielding a +0 vorpal spear and wearing a +0 ring mail (chance to affect: 47%)
The gnoll sergeant looks drowsy...
The bullfrog completely misses you.
The helpless gnoll sergeant fails to defend itself.
You skewer the gnoll sergeant like a kebab!!!
You kill the gnoll sergeant!
Dithmenos accepts your kill.
The bullfrog hits you but does no damage.
The bullfrog misses you.
Your Hexes skill increases to level 8!
A bullfrog skeleton comes into view.
The adder barely misses you.
The gnoll throws a throwing net.
The throwing net hits you.
You become entangled in the net!
Things that are here:
a throwing net; a +0 dagger You struggle against the net.
The bullfrog hits you but does no damage.
An ogre comes into view. It is wielding a +0 giant club.
The bullfrog hits you.
* * * LOW HITPOINT WARNING * * *
The adder bites you.
* * * LOW HITPOINT WARNING * * *
You are lethally poisoned!
The adder poisons you!
You struggle against the net.
* * * LOW HITPOINT WARNING * * *
You feel sick. The bullfrog hits you.
You die...

##...................#####.#)..
#.......g..(##...##.........#
#..#.............##.#.......#
#####....#.##..........#....#
##...#####O....##.........
#...#....................
##.Ygg...................
#...#..S##..#...........
#....#.F@<##.#..#......
###..#.......#..#.....
######............ ###.........
##........ ##.####.# ### #


You could see an ice beast, an ogre, a bullfrog, 2 gnolls and an adder.

Vanquished Creatures
  Grinder (D:4)
  A water moccasin (D:5)
  A black bear (D:5)
  A phantom (D:4)
  A kobold brigand (D:6)
  A gnoll sergeant (D:6)
  A water moccasin skeleton (D:3)
  3 hounds
  2 orc priests
  A centaur skeleton (D:4)
  2 iguanas
  Natasha (thrice) (D:4)
  8 orc wizards
  Robin (D:3)
  8 gnolls
  9 adders
  A white imp (D:5)
  An ufetubus (D:5)
  A worm (D:2)
  2 dart slugs
  19 orcs
  10 ball pythons
  5 bats
  6 endoplasms
  A giant cockroach (D:2)
  16 hobgoblins
  8 jackals
  3 quokkas
  3 frilled lizards
  9 goblins
  12 kobolds
  3 rats
144 creatures vanquished.

Vanquished Creatures (others)
  2 fungi (D:2)
  10 plants
12 creatures vanquished.

Grand Total: 156 creatures vanquished

Notes
Turn   | Place    | Note
-------+----------+-------------------------------------------
     0 | D:1      | nicanaca0 the Spriggan Enchanter began the quest for the
                  | Orb.
     0 | D:1      | Reached XP level 1. HP: 9/9 MP: 5/5
   723 | D:1      | Reached XP level 2. HP: 13/13 MP: 6/6
   726 | D:1      | Learned a level 2 spell: Ensorcelled Hibernation
   736 | D:1      | Reached skill level 5 in Stealth
  1982 | D:2      | Reached XP level 3. HP: 16/16 MP: 5/8
  2277 | D:2      | Reached skill level 6 in Stealth
  2724 | D:2      | Reached XP level 4. HP: 21/21 MP: 9/9
  2970 | D:2      | Found a faded altar of an unknown god.
  3151 | D:3      | Reached skill level 7 in Stealth
  3337 | D:3      | Reached XP level 5. HP: 24/24 MP: 10/10
  4537 | D:3      | Learned a level 3 spell: Confusing Touch
  4780 | D:3      | Found a burning altar of Makhleb.
  4863 | D:3      | Noticed Robin
  4866 | D:3      | Killed Robin
  5075 | D:3      | Reached skill level 5 in Hexes
  5075 | D:3      | Reached XP level 6. HP: 28/28 MP: 11/11
  5179 | D:4      | Noticed Natasha
  5293 | D:4      | Killed Natasha
  5294 | D:4      | Reached skill level 8 in Stealth
  5566 | D:4      | Noticed Natasha
  5570 | D:4      | Killed Natasha
  5965 | D:4      | Noticed Natasha
  5977 | D:4      | Killed Natasha
  6216 | D:4      | Found a radiant altar of Vehumet.
  6248 | D:4      | Reached skill level 9 in Stealth
  6248 | D:4      | Reached XP level 7. HP: 23/32 MP: 10/14
  6325 | D:4      | Noticed Grinder
  6336 | D:4      | Killed Grinder
  7370 | D:4      | Found a white marble altar of Elyvilon.
  7631 | D:5      | Entered Level 5 of the Dungeon
  7680 | D:5      | Found a staircase to the Ecumenical Temple.
  7693 | Temple   | Entered the Ecumenical Temple
  7738 | Temple   | Became a worshipper of Dithmenos the Shadowed
  7789 | D:5      | Reached skill level 10 in Stealth
  7789 | D:5      | Reached XP level 8. HP: 36/36 MP: 14/16
  8427 | D:5      | Reached skill level 5 in Spellcasting
  8950 | D:5      | Reached skill level 5 in Short Blades
 10544 | D:6      | Slain by a bullfrog

Illustrated notes

Levels and vault maps discovered:
D:1:      minmay_arrival_cross, layout_basic, serial_forest,
          infiniplex_forest_clump_diagonal, infiniplex_forest_straight_2,
          infiniplex_forest_clump_double, infiniplex_forest_join,
          infiniplex_forest_straight_2, infiniplex_forest_straight_3,
          infiniplex_forest_lined_room_2, infiniplex_forest_corner_2
D:2:      layout_loops_corners, shapermc_ecumenical_altar_petra, minmay_cut_off
D:3:      layout_basic, lemuel_round_altar, uniq_robin
D:4:      layout_gridville, nicolae_vehumet_radiance, old_standard_altar,
          uniq_natasha, uniq_grinder
D:5:      wander_river, layout_rooms, minmay_temple_entry_offerings,
          serial_bayou_pond_e, minmay_curled_crystal, kennysheep_generic_room_12
D:6:      layout_cave_pools, grunt_temple_overflow_cloverleaf, uniq_maggie
Temple:   jpeg_temple_island

Skill      XL: |  1  2  3  4  5  6  7  8 |
---------------+-------------------------+-----
Stealth        | 5 6 7 9 10 | 10.8
Hexes          | 4 5 6 8 |  8.1
Short Blades   | 2 3 4 5 |  5.0
Spellcasting   | 3 4 5 |  5.0
Dodging        | |  2.6

Action                   |  1- 3 |  4- 6 |  7- 9 || total
-------------------------+-------+-------+-------++-------
Melee: Dagger            |    94 |   223 |   167 ||   484
Throw: Stone             |     6 |       |     5 ||    11
 Cast: Ensorcelled Hiber |    16 |    57 |    67 ||   140
       Confusing Touch   |       |     2 |     8 ||    10
  Use: Scroll            |       |       |     3 ||     3
       Potion            |       |       |     3 ||     3
 Stab: Sleeping          |    24 |    40 |    37 ||   101
       Confused          |       |     1 |     5 ||     6
       Distracted        |       |       |     1 ||     1
Armor: Robe              |    10 |    19 |    14 ||    43
Dodge: Dodged            |    53 |   150 |   142 ||   345

Table legend: (Time is in decaauts)
 A = Elapsed time spent in this place.
 B = Non-inter-level travel time spent in this place.
 C = Inter-level travel time spent in this place.
 D = Time resting spent in this place.
 E = Time spent auto-exploring this place.
 F = Levels seen in this place.
 G = Mean time per level.
                   A        B        C        D        E       F      G
               +--------+--------+--------+--------+--------+-----+--------+
         Total |   8592 |   8324 |    268 |   3267 |   3370 |   7 | 1227.4 |
       Dungeon |   8540 |   8295 |    245 |   3267 |   3350 |   6 | 1423.3 |
        Temple |     51 |     28 |     23 |      0 |     20 |   1 |   51.0 |
               +--------+--------+--------+--------+--------+-----+--------+

Top non-repeatable levels by time:
     D:4: 2381 daAuts
     D:3: 1641 daAuts
     D:5: 1532 daAuts
     D:1: 1372 daAuts
     D:2: 1341 daAuts
     D:6: 269 daAuts
  Temple: 51 daAuts
